 Dungeon Crawl Stone Soup version 0.26.1-2-gb8aa6d0cf2 (webtiles) character file.

Game seed: 10528486248018820945

2471 Marvel the Grappler (level 9, -1/83 HPs)
             Began as a Troll Fighter on Mar 5, 2021.
             Was a Follower of Qazlal.
             Slain by an eight-headed hydra (6 damage)
             ... on level 7 of the Dungeon.
             The game lasted 00:09:50 (5119 turns).

Marvel the Grappler (Troll Fighter)                 Turns: 5119, Time: 00:09:51

Health: -1/83      AC:  6    Str: 35    XL:     9   Next: 26%
Magic:  8/8        EV: 10    Int:  4    God:    Qazlal [*.....]
Gold:   380        SH: 13    Dex:  9    Spells: 8/8 levels left

rFire    . . .     SeeInvis .     - Unarmed
rCold    . . .     Faith    .   b - +0 kite shield
rNeg     . . .     Spirit   .   a - +0 robe
rPois    .         Reflect  .   (helmet restricted)
rElec    .         Harm     .   (no cloak)
rCorr    .         Rampage  .   (gloves unavailable)
Will     +....                  (boots unavailable)
Stlth    +.........             (no amulet)
HPRegen  0.63/turn              f - ring of willpower
MPRegen  0.11/turn              n - +6 ring of strength (curse)

@: no status effects
A: large, unfitting armour, claws 3, regeneration 1, shaggy fur 1, tough skin 3
a: Renounce Religion


You were on level 7 of the Dungeon.
You worshipped Qazlal.
Qazlal was aware of your devotion.
You visited 2 branches of the dungeon, and saw 8 of its levels.

You collected 380 gold pieces.

Inventory:

Missiles
 y - 36 poisoned darts (quivered)
Armour
 a - a +0 robe (worn)
 b - a +0 kite shield (worn)
Jewellery
 f - a ring of willpower (left claw)
 m - an uncursed ring of poison resistance
 n - a cursed +6 ring of strength (right claw)
 x - an uncursed ring of stealth {unknown}
Wands
 t - a wand of iceblast (17)
 B - a wand of random effects (12)
 C - a wand of polymorph (8)
Scrolls
 d - 3 scrolls of random uselessness {unknown}
 e - 3 scrolls of teleportation {unknown}
 g - 4 scrolls of identify {unknown}
 i - 3 scrolls of noise {unknown}
 j - a scroll of magic mapping {unknown}
 k - a scroll of fog {unknown}
 q - a scroll of enchant armour {unknown}
 r - a scroll of immolation {unknown}
 s - 3 scrolls of remove curse {unknown}
 v - a scroll of enchant weapon {unknown}
Potions
 c - 7 potions of might
 h - 6 potions of flight {unknown}
 l - a potion of lignification {unknown}
 o - 2 potions of curing {unknown}
 p - 2 potions of heal wounds {unknown}
 u - 2 potions of brilliance {unknown}
 w - 2 potions of haste {unknown}
 z - a potion of invisibility {unknown}
 A - a potion of berserk rage {unknown}


   Skills:
 + Level 3.6 Fighting
 + Level 5.5 Dodging
 + Level 1.1 Stealth
 + Level 5.6 Shields
 + Level 8.6 Unarmed Combat


You had 8 spell levels left.
You didn't know any spells.
Your spell library contained the following spells:

 Spells                   Type           Power        Failure   Level
 Confusing Touch          Hex            0%           98%         3
 Gell's Gravitas          Tloc           0%           98%         3
 Petrify                  Tmut/Erth      0%           100%        4
 Metabolic Englaciation   Hex/Ice        0%           100%        5
 Yara's Violent Unravell  Hex/Tmut       0%           100%        5


Dungeon Overview and Level Annotations

Branches:
Dungeon (7/15)             Temple (1/1) D:4

Altars:
Ashenzari
Cheibriados
Dithmenos
Elyvilon
Gozag
Nemelex Xobeh
Okawaru
Qazlal
Sif Muna
Trog
Uskayaw
Vehumet
Wu Jian
Zin
The Shining One


Innate Abilities, Weirdness & Mutations

You are too large for most types of armour.
You have claws for hands.
Your natural rate of healing is unusually fast.
You are covered in fur. (AC +1)
You have extremely tough skin. (AC +3)


Message History

The bolt of electricity hits you!
An electric eel comes into view.
The electric eel shoots out a bolt of lightning at you!
The bolt of electricity hits you but does no damage.
The electric eel shoots out a bolt of lightning at you!
The bolt of electricity hits you!
* * * LOW HITPOINT WARNING * * *
The electric eel shoots out a bolt of lightning at you!
The bolt of electricity misses you.
The electric eel shoots out a bolt of lightning at you!
The bolt of electricity hits you!
* * * LOW HITPOINT WARNING * * *
The electric eel shoots out a bolt of lightning at you!
The bolt of electricity hits you.
* * * LOW HITPOINT WARNING * * *
You block the eight-headed hydra's attack.
The eight-headed hydra bites you.
* * * LOW HITPOINT WARNING * * *
The eight-headed hydra bites you.
You die...

≈.≈.≈...........# ≈≈.
≈≈≈≈≈.....).....# ♣≈.≈
♣♣;......#..... ♣≈≈≈
♣≈≈#...(# ...
♣♣♣≈≈≈♣♣♣≈......# .
≈≈≈≈.≈≈;≈≈......#
≈...≈≈.......(..#
#####..#....#..#D.#
...............@..#
.............)........#
................#.##...
#.............##.# ##
##.......#..#.# .#
#....[<....#..#.#
#......>.##..##....
#.#.......#.## .# .
#.......# .


You could see an eight-headed hydra and 2 electric eels.

Vanquished Creatures
  Pikel (D:3)
  Grinder (D:3)
  An orc warrior (D:6)
  A phantom (D:5)
  2 sky beasts
  3 ogres (D:6)
  A centaur (D:7)
  A scorpion (D:4)
  5 wights
  2 howler monkeys
  2 bullfrog zombies
  A hound (D:6)
  A jelly (D:6)
  6 orc priests
  A centaur skeleton (D:4)
  Natasha (D:1)
  5 orc wizards
  A worker ant (D:4)
  A killer bee zombie (D:6)
  6 adders
  3 shadow imps
  A white imp (D:7)
  An ufetubus (D:6)
  2 oozes
  2 adder zombies
  An adder skeleton (D:3)
  5 worms
  2 dart slugs
  A leopard gecko (D:5)
  16 orcs
  5 giant cockroaches
  4 goblins
  7 hobgoblins
  16 jackals
  4 kobolds
  6 quokkas
  A ball python (D:4)
  4 bats
  4 frilled lizards
  6 rats
134 creatures vanquished.

Notes
Turn   | Place    | Note
-------+----------+-------------------------------------------
     0 | D:1      | Marvel the Troll Fighter began the quest for the Orb.
     0 | D:1      | Reached XP level 1. HP: 22/22 MP: 0/0
    94 | D:1      | Reached XP level 2. HP: 29/29 MP: 1/1
   858 | D:2      | Noticed Natasha
   866 | D:1      | Noticed a crimson imp
   867 | D:1      | Killed Natasha
   868 | D:1      | Reached XP level 3. HP: 29/36 MP: 2/2
  1022 | D:2      | Found a snail-covered altar of Cheibriados.
  1022 | D:2      | Found an iron altar of Okawaru.
  1027 | D:2      | Found a hide-covered altar of Uskayaw.
  1028 | D:2      | Found a radiant altar of Vehumet.
  1028 | D:2      | Found a glowing golden altar of the Shining One.
  1044 | D:2      | Reached XP level 4. HP: 44/44 MP: 3/3
  1075 | D:2      | Reached skill level 3 in Unarmed Combat
  1510 | D:3      | Noticed Grinder
  1606 | D:3      | Killed Grinder
  1607 | D:3      | Reached skill level 4 in Unarmed Combat
  1607 | D:3      | Reached XP level 5. HP: 37/52 MP: 4/4
  1607 | D:3      | Reached XP level 6. HP: 42/59 MP: 5/5
  2443 | D:4      | Noticed Pikel
  2460 | D:3      | Killed Pikel
  2461 | D:3      | Reached skill level 5 in Unarmed Combat
  2461 | D:3      | Reached XP level 7. HP: 23/67 MP: 6/6
  2777 | D:4      | Found a staircase to the Ecumenical Temple.
  2956 | D:4      | Reached XP level 8. HP: 75/75 MP: 7/7
  3093 | D:4      | Reached skill level 6 in Unarmed Combat
  3101 | D:4      | Found a bloodstained altar of Trog.
  3197 | Temple   | Entered the Ecumenical Temple
  3204 | Temple   | Became a worshipper of Qazlal Stormbringer
  3249 | D:5      | Entered Level 5 of the Dungeon
  3326 | D:5      | Reached skill level 1 in Stealth
  3333 | D:5      | Found a broken altar of Ashenzari.
  3420 | D:5      | Found a white marble altar of Elyvilon.
  3439 | D:5      | Reached skill level 5 in Dodging
  4062 | D:6      | Reached skill level 7 in Unarmed Combat
  4079 | D:5      | Reached * piety under Qazlal
  4156 | D:6      | Reached skill level 5 in Shields
  4451 | D:6      | Reached XP level 9. HP: 44/83 MP: 8/8
  4500 | D:6      | Reached skill level 8 in Unarmed Combat
  5108 | D:7      | Noticed an eight-headed hydra
  5119 | D:7      | Slain by an eight-headed hydra

Illustrated notes

Levels and vault maps discovered:
D:1:      saegor_arrival_simple_d, layout_loops_corners, serial_bayou,
          serial_bayou_pond_c, serial_bayou_lagoon_b, serial_bayou_ford_a,
          serial_bayou_shore_a, columned_hall_lemuel
D:2:      layout_basic, grunt_temple_overflow_open, st_stairs_14, uniq_natasha
D:3:      layout_basic, uniq_grinder
D:4:      layout_rooms, lightli_temple_of_fire, minmay_temple_entry_sparse_star,
          dk_vineyard_1, uniq_pikel
D:5:      layout_basic, kennysheep_mini_moat, cheibrodos_ashenzari_chains
D:6:      layout_rooms, kennysheep_generic_room_15
D:7:      layout_rooms, serial_shops, shop, kennysheep_boxes,
          uniq_crazy_yiuf_cottage
Temple:   cyrus_circular_temple

Skill      XL: |  1  2  3  4  5  6  7  8  9 |
---------------+----------------------------+-----
Unarmed Combat | 4 5 7 8 |  8.6
Shields        | 3 4 5 |  5.6
Dodging        | 3 4 5 |  5.5
Fighting       | 3 |  3.6
Stealth        | 1 |  1.1

Action                   |  1- 3 |  4- 6 |  7- 9 || total
-------------------------+-------+-------+-------++-------
Melee: Unarmed           |   114 |   114 |   239 ||   467
 Stab: Sleeping          |     1 |       |       ||     1
Armor: Robe              |    28 |    54 |    44 ||   126
Dodge: Dodged            |    31 |    69 |    59 ||   159
Block: Kite shield       |    52 |    72 |   109 ||   233
